 Dungeon Crawl Stone Soup version 0.28.0-45-g0d030f2227 (webtiles) character file.

Game seed: 14502942699165130676

47 zeratav the Sneak (level 3, 0/19 HPs)
             Began as a Vampire Enchanter on Apr 5, 2022.
             Slain by a goblin
             ... wielding a +1 vampiric dagger
              (2 damage)
             ... on level 2 of the Dungeon.
             The game lasted 00:05:49 (1508 turns).

zeratav the Sneak (Vampire Enchanter)               Turns: 1508, Time: 00:05:50

Health: 0/19       AC:  2    Str:  7    XL:     3   Next: 48%
Magic:  6/6        EV: 13    Int: 17    God:
Gold:   47         SH:  0    Dex: 16    Spells: 6/6 levels left

rFire   . . .      SeeInvis +   a - +1 dagger
rCold   + + .      Faith    .   (no shield)
rNeg    + + +      Spirit   .   b - +0 robe
rPois   ∞          Reflect  .   (no helmet)
rElec   .          Harm     .   (no cloak)
rCorr   .          Rampage  .   (no gloves)
Will    .....                   (no boots)
Stlth   +++++.....              (no amulet)
HPRegen 0.00/turn               (no ring)
MPRegen 0.10/turn               (no ring)

@: bloodless, inhibited regen
A: bloodless, fangs 3, see invisible, vampiric 2
a: Bat Form, Revivify


You were on level 2 of the Dungeon.
You visited 1 branch of the dungeon, and saw 2 of its levels.

You collected 47 gold pieces.

Inventory:

Hand Weapons
 a - a +1 dagger (weapon)
Armour
 b - a +0 robe (worn)
Scrolls
 e - 2 scrolls of identify {unknown}
 g - a scroll of fear {unknown}
Potions
 c - a potion of invisibility
 d - 2 potions of curing {unknown}
 f - a potion of lignification {unknown}


   Skills:
 + Level 2.0 Short Blades
 + Level 2.7 Dodging
 + Level 5.0 Stealth
 + Level 2.3 Spellcasting
 + Level 4.9 Hexes


You had 6 spell levels left.
You didn't know any spells.
Your spell library contained the following spells:

 Spells                   Type           Power      Damage    Failure   Level
 Confusing Touch          Hex            18%        N/A       8%          3
 Tukima's Dance           Hex            18%        N/A       8%          3
 Ensorcelled Hibernation  Hex/Ice        20%        N/A       11%         2
 Pain                     Necr           8%         1d4       19%         1
 Dazzling Flash           Conj/Hex       20%        N/A       21%         3
 Agony                    Necr           2%         N/A       99%         5
 Excruciating Wounds      Necr           1%         N/A       99%         5


Dungeon Overview and Level Annotations

Branches:
Dungeon (2/15)

Altars:


Innate Abilities, Weirdness & Mutations

You do not regenerate when monsters are visible.
You are frail without blood (-20% HP).
You can heal yourself when you bite living creatures.
You are immune to poison.
You have razor-sharp teeth.
You have supernaturally acute eyesight. (SInv)
You are afflicted with vampirism and can become a bat while bloodless.


Message History

You feel better.
The adder is severely wounded.
The adder closely misses you.
You closely miss the adder.
The adder is severely wounded.
The adder bites you.
You closely miss the adder.
The adder is severely wounded.
The adder bites you.
You barely miss the adder.
The adder is severely wounded.
The adder closely misses you. The adder barely misses you.
You closely miss the adder.
The adder is severely wounded.
The adder misses you.
You hit the adder but do no damage.
The adder is severely wounded.
The adder bites you.
You hit the adder.
You kill the adder!
Your Short Blades skill increases to level 2!
A ball python comes into view.
The goblin shoots a stone.
The stone hits you.
* * * LOW HITPOINT WARNING * * *
The ball python moves out of view.
You see here an adder corpse.
The goblin unwields a +0 hunting sling.
The goblin wields a +1 vampiric dagger.
The goblin completely misses you.
You see here 15 bolts.
You hit the goblin.
The goblin is severely wounded.
The goblin hits you with a +1 vampiric dagger.
* * * LOW HITPOINT WARNING * * *
You closely miss the goblin.
The goblin is severely wounded.
You barely miss the goblin.
The goblin is severely wounded.
The ball python hisses angrily.
The goblin hits you with a +1 vampiric dagger.
You die...

##.....# ..# ..#....#.##.#
##.....##..########.#......#(...#
......................#....#..###
##..)............#...##....#..#
#####.................#.......# #
#.#....................##.# #
##.#.>.()...............##.# #
#..# ...................##.#
####.## .####..g@††........##.#
##...# # ##.>.#...#.....##.#
...### #..##..##.#..## .. #....#
#...###....#.## ...#.# #.#.#
###..#.# ...#... .S.#.# #..#.#
....#### .#. #[. #..#.# ....# #
.. ... #....# ...... .. #.. .:


You could see a goblin and a ball python.

Vanquished Creatures
  An adder (D:2)
  A worm (D:2)
  A dart slug (D:2)
  An orc (D:2)
  3 ball pythons (D:1)
  2 bats
  3 giant cockroaches (D:1)
  A goblin (D:2)
  3 hobgoblins
  A jackal (D:1)
  2 quokkas (D:1)
  3 frilled lizards
  7 kobolds
  A rat (D:1)
30 creatures vanquished.

Notes
Turn   | Place    | Note
-------+----------+-------------------------------------------
     0 | D:1      | zeratav the Vampire Enchanter began the quest for the Orb.
     0 | D:1      | Reached XP level 1. HP: 13/13 MP: 3/3
   257 | D:1      | Reached XP level 2. HP: 12/15 MP: 5/5
  1364 | D:2      | Gained mutation: You are afflicted with vampirism and can
                  | become a bat while bloodless. [Vampire growth]
  1364 | D:2      | Reached XP level 3. HP: 19/19 MP: 6/6
  1488 | D:2      | Reached skill level 5 in Stealth
  1508 | D:2      | Slain by a goblin

Illustrated notes

Levels and vault maps discovered:
D:1:      dpeg_arrival_brainrot, layout_basic
D:2:      layout_rooms

Skill      XL: |  1  2  3 |
---------------+----------+-----
Stealth        | 5 |  5.0
Short Blades   | 2 |  2.0
Dodging        | |  2.7
Spellcasting   | |  2.3
Hexes          | |  4.9

Action                   || total
-------------------------++-------
Melee: Dagger            ||    82
       Bite              ||     5
 Abil: Exsanguinate      ||     1
 Stab: Sleeping          ||    21
Armor: Robe              ||     5
Dodge: Dodged            ||    36
